 Dungeon Crawl Stone Soup version 0.22-a0-379-ga9d99d6 (webtiles) character file.

95 JeffiDaFish the Grave Robber (level 4, 0/33 HPs)
             Began as a Draconian Necromancer on Apr 28, 2018.
             Succumbed to an adder's poison
             ... on level 3 of the Dungeon.
             The game lasted 00:07:09 (2181 turns).

JeffiDaFish the Grave Robber (DrNe)                 Turns: 2181, Time: 00:07:10

Health: 0/33       AC:  6    Str: 11    XL:     4   Next: 40%
Magic:  0/8        EV: 12    Int: 16    God:
Gold:   142        SH:  0    Dex: 11    Spells: 7/8 levels left

rFire    . . .     SeeInvis .   d - +0 short sword
rCold    . . .     Gourm    .   (no shield)
rNeg     . . .     Faith    .   (armour unavailable)
rPois    .         Spirit   .   (helmet restricted)
rElec    .         Reflect  .   c - +0 cloak
rCorr    .         Harm     .   (no gloves)
MR       .....                  (no boots)
Stlth    ++........             (no amulet)
HPRegen  0.11/turn              (no ring)
MPRegen  0.11/turn              (no ring)

@: lethally poisoned (0 -> -4), very slightly contaminated
A: unfitting armour, cold-blooded, AC +5
a: no special abilities


You were on level 3 of the Dungeon.
You were not hungry.

You visited 1 branch of the dungeon, and saw 3 of its levels.

You collected 142 gold pieces.

Inventory:

Hand Weapons
 d - a +0 short sword (weapon)
Armour
 c - a +0 cloak (worn)
Scrolls
 e - a scroll of teleportation
Comestibles
 b - 4 rations


   Skills:
 - Level 2.2 Dodging
 - Level 1.7 Stealth
 + Level 2.8 Spellcasting
 * Level 5.2 Necromancy


You had 7 spell levels left.
You knew the following spells:

 Your Spells              Type           Power        Failure   Level  Hunger
a - Pain                  Necr           ###.         2%          1    #......


Dungeon Overview and Level Annotations

Branches:
Dungeon (3/15)

Altars:


Innate Abilities, Weirdness & Mutations

Your plain brown scales are hard. (AC +5)
You cannot fit into any form of body armour.
You are cold-blooded and may be slowed by cold attacks.


Message History

Casting: Pain (safe; 2% risk of failure)
Confirm with . or Enter, or press ? or * to list all spells.
You don't have enough magic to cast that spell.
Unknown command.
You hit the adder but do no damage.
The adder is heavily wounded.
* * * LOW HITPOINT WARNING * * *
You feel sick. The adder barely misses you. The adder bites you.
* * * LOW HITPOINT WARNING * * *
You hit the adder.
You kill the adder!
Memorise Regeneration, consuming 3 spell levels and leaving 4? [Y]es or [N]o only, please.
Memorise Regeneration, consuming 3 spell levels and leaving 4?
Your memorisation is interrupted.
* * * LOW HITPOINT WARNING * * *
You feel sick.
You hit the worm.
The worm is almost dead.
You die...

########
#......#.#
#.####.#.# ###.#
#.#.# #((.#
#.#.# #...#
#.#.#
#..!####<#.#
##.....###.##.#
#...).†w@....#
#.....###.......
+....... .......
#........#......
#......!.#......
#........#......
#........# ...$.
#........# .....


You could see a worm.

Vanquished Creatures
  4 adders
  A dart slug (D:1)
  3 leopard geckos
  A ball python (D:2)
  7 bats
  2 giant cockroaches (D:2)
  6 goblins
  5 hobgoblins
  4 jackals (D:2)
  9 kobolds
  4 frilled lizards
  9 rats
55 creatures vanquished.

Notes
Turn   | Place    | Note
-------+----------+-------------------------------------------
     0 | D:1      | JeffiDaFish the Draconian Necromancer began the quest for the Orb.
     0 | D:1      | Reached XP level 1. HP: 14/14 MP: 3/3
   298 | D:1      | Reached XP level 2. HP: 15/20 MP: 0/5
  1045 | D:2      | Reached XP level 3. HP: 23/26 MP: 2/6
  1472 | D:2      | Reached skill level 5 in Necromancy
  1472 | D:2      | Reached XP level 4. HP: 32/33 MP: 4/8
  2177 | D:3      | HP: 1/33 [adder (2)]
  2181 | D:3      | Succumbed to an adder's poison

Vault maps used:
D:1:      minmay_arrival_five_plusses
D:3:      first_ration, cheibriados_altar_1

Skill      XL: |  1  2  3 |
---------------+----------+-----
Dodging        | 2 |  2.2
Necromancy     | 5 |  5.2
Stealth        | |  1.7
Spellcasting   | |  2.8

Action                   |  1- 3 |  4- 6 || total
-------------------------+-------+-------++-------
Melee: Unarmed           |    23 |       ||    23
       Short sword       |    41 |    17 ||    58
       Tailslap          |     4 |       ||     4
 Cast: Pain              |    54 |    25 ||    79
  Use: Scroll            |     6 |       ||     6
 Stab: Sleeping          |     2 |       ||     2
  Eat: Chunk             |     2 |     3 ||     5
Armor: Skin              |    37 |     6 ||    43
Dodge: Dodged            |    76 |    22 ||    98

Table legend:
 A = Spawn XP
 B = Non-spawn XP
 C = Spawn XP percentage of total XP
 D = Spawn monster count
 E = Non-spawn monster count
 F = Spawn count percentage of total count
 G = Total turns spent on level
                    A         B        C        D         E        F      G
               +---------+---------+-------+---------+---------+-------+---------
         Total |       0 |     137 |   0.0 |       0 |      55 |   0.0 |  2181
               +---------+---------+-------+---------+---------+-------+---------
           D:1 |       0 |      36 |   0.0 |       0 |      22 |   0.0 |  1027
           D:2 |       0 |      85 |   0.0 |       0 |      30 |   0.0 |  1120
           D:3 |       0 |      16 |   0.0 |       0 |       3 |   0.0 |    34
               +---------+---------+-------+---------+---------+-------+---------
